 Dungeon Crawl Stone Soup version 0.27-a0-1101-ge311f74bc8 (console) character file.

Game seed: 5034337663354129700

59 nht the Chopper (level 4, 0/39 HPs)
             Began as a Hill Orc Monk on Apr 28, 2021.
             Slain by Sigmund
             ... wielding a +0 scythe
              (3 damage)
             ... on level 2 of the Dungeon.
             The game lasted 00:01:44 (848 turns).

nht the Chopper (Hill Orc Monk)                      Turns: 848, Time: 00:01:45

Health: 0/39       AC:  7    Str: 14    XL:     4   Next: 3%
Magic:  4/4        EV: 12    Int: 10    God:
Gold:   30         SH:  0    Dex: 13    Spells: 3/3 levels left

rFire    . . .     SeeInvis .   a - +1 hand axe
rCold    . . .     Faith    .   (no shield)
rNeg     . . .     Spirit   .   b - +0 robe
rPois    .         Reflect  .   d - +0 helmet
rElec    .         Harm     .   (no cloak)
rCorr    .         Rampage  .   (no gloves)
Will     .....                  (no boots)
Stlth    ++........             (no amulet)
HPRegen  0.13/turn              c - +4 ring of protection
MPRegen  0.09/turn              (no ring)

@: no status effects
A: no striking features
a: no special abilities


You were on level 2 of the Dungeon.
You visited 1 branch of the dungeon, and saw 2 of its levels.

You collected 30 gold pieces.

Inventory:

Hand Weapons
 a - a +1 hand axe (weapon)
Armour
 b - a +0 robe (worn)
 d - a +0 helmet (worn)
Jewellery
 c - a +4 ring of protection (left hand)
Wands
 g - a wand of digging (4)
Potions
 e - a potion of might {unknown}
 f - 2 potions of curing {unknown}


   Skills:
 - Level 3.6 Fighting
 + Level 6.3 Axes
 - Level 2.4 Dodging
 - Level 1.5 Stealth


You had 3 spell levels left.
You didn't know any spells.
Your spell library was empty.

Dungeon Overview and Level Annotations

Branches:
Dungeon (2/15)

Altars:

Annotations:
D:2 Sigmund


Message History

Terence closely misses you.
You hit Terence.
Terence is almost dead.
Terence closely misses you.
You hit Terence.
Terence is almost dead.
Terence says, "Did you write a will?
You should..."
Terence hits you with a +0 mace.
* * * LOW HITPOINT WARNING * * *
You hit Terence.
You kill Terence!
Your Axes skill increases to level 6!
You have reached level 4!
g - a wand of digging (4)
Things that are here:
a +0 mace; a +0 ring mail
There is a stone staircase leading down here.
You climb downwards.
Sigmund the Dreaded comes into view.
He is wielding a +0 scythe.
There is a stone staircase leading up here.
Okay, then.
Okay, then.
Sigmund shouts!
Sigmund points at you and mumbles some strange words.
You are confused.
In your confused state, you trip and fall back down the stairs.
Sigmund hits you from afar with a +0 scythe.
Sigmund hits you from afar with a +0 scythe!
* * * LOW HITPOINT WARNING * * *
In your confused state, you trip and fall back down the stairs.
* * * LOW HITPOINT WARNING * * *
Sigmund completely misses you. Sigmund barely misses you.
In your confused state, you trip and fall back down the stairs.
* * * LOW HITPOINT WARNING * * *
Sigmund misses you.
Okay, then.
You feel less confused.
Sigmund hits you from afar with a +0 scythe.
You die... ███████████

██ █...@.....█ .██
█.........████ ██ ..█
█.....@....... .█ ..█
...........████ .██
..███
██.........███████..██
....
███████████.....<...█
..█████ .......b...█
....... ██...S...███
....... █b█.....█
....... .........█
....... ...█.....█


You could see Sigmund.

Vanquished Creatures
  Terence (D:1)
  An adder (D:2)
  A dart slug (D:1)
  2 ball pythons
  A bat (D:1)
  3 goblins (D:1)
  3 hobgoblins
  4 jackals (D:1)
  A quokka (D:1)
  2 frilled lizards (D:1)
  A kobold (D:1)
  2 rats (D:2)
22 creatures vanquished.

Notes
Turn   | Place    | Note
-------+----------+-------------------------------------------
     0 | D:1      | nht the Hill Orc Monk began the quest for the Orb.
     0 | D:1      | Reached XP level 1. HP: 19/19 MP: 1/1
   203 | D:1      | Reached XP level 2. HP: 26/26 MP: 2/2
   285 | D:1      | Reached skill level 5 in Axes
   709 | D:2      | Reached XP level 3. HP: 31/31 MP: 3/3
   752 | D:2      | Noticed Terence
   773 | D:1      | Killed Terence
   774 | D:1      | Reached skill level 6 in Axes
   774 | D:1      | Reached XP level 4. HP: 12/39 MP: 4/4
   841 | D:2      | Noticed Sigmund
   848 | D:2      | Slain by Sigmund

Illustrated notes

Levels and vault maps discovered:
D:1:      lemuel_arrival_funnel, layout_basic
D:2:      layout_rooms, uniq_terence, uniq_jessica, uniq_sigmund

Skill      XL: |  1  2  3 |
---------------+----------+-----
Axes           | 5 6 |  6.3
Fighting       | |  3.6
Dodging        | |  2.4
Stealth        | |  1.5

Action                   |  1- 3 |  4- 6 || total
-------------------------+-------+-------++-------
Melee: Hand axe          |    82 |       ||    82
  Use: Scroll            |     2 |       ||     2
 Stab: Sleeping          |     3 |       ||     3
Armor: Robe              |    29 |       ||    29
Dodge: Dodged            |    56 |     3 ||    59

Table legend: (Time is in decaauts)
 A = Elapsed time spent in this place.
 B = Non-inter-level travel time spent in this place.
 C = Inter-level travel time spent in this place.
 D = Time resting spent in this place.
 E = Time spent auto-exploring this place.
 F = Levels seen in this place.
 G = Mean time per level.
                   A        B        C        D        E       F      G
               +--------+--------+--------+--------+--------+-----+--------+
         Total |    853 |    748 |    105 |      0 |    561 |   2 |  426.5 |
       Dungeon |    853 |    748 |    105 |      0 |    561 |   2 |  426.5 |
               +--------+--------+--------+--------+--------+-----+--------+

Top non-repeatable levels by time:
     D:1: 788 daAuts
     D:2: 65 daAuts
